 Dungeon Crawl Stone Soup version 0.28-a0-1560-g060a6a1bfc (webtiles) character file.

Game seed: 9372561334040315969

102 Lekart the Skirmisher (level 4, -10/40 HPs)
             Began as a Draconian Chaos Knight on Jan 19, 2022.
             Was a Plaything of Xom.
             Killed from afar by an orc wizard (11 damage)
             ... with a puff of flame
             ... on level 3 of the Dungeon.
             The game lasted 00:01:53 (1888 turns).

Lekart the Skirmisher (Draconian Chaos Knight)      Turns: 1888, Time: 00:01:53

Health: -10/40     AC:  5    Str: 14    XL:     4   Next: 50%
Magic:  4/4        EV: 12    Int: 13    God:    Xom [.*....]
Gold:   88         SH:  0    Dex: 12    Spells: 3/3 levels left

rFire   . . .      SeeInvis .   a - +0 hand axe (chaos)
rCold   . . .      Faith    .   (no shield)
rNeg    . . .      Spirit   .   (armour unavailable)
rPois   .          Reflect  .   (helmet restricted)
rElec   .          Harm     .   (no cloak)
rCorr   .          Rampage  .   (no gloves)
Will    .....                   (no boots)
Stlth   +.........              (no amulet)
HPRegen 0.13/turn               (no ring)
MPRegen 0.09/turn               (no ring)

@: no status effects
A: AC +5, unfitting armour, cold-blooded
a: Renounce Religion


You were on level 3 of the Dungeon.
You worshipped Xom.
You were a plaything of Xom.
You visited 1 branch of the dungeon, and saw 3 of its levels.

You collected 88 gold pieces.

Inventory:

Hand Weapons
 a - a +0 hand axe of chaos (weapon)
Scrolls
 d - a scroll of summoning
 f - a scroll of blinking
Potions
 e - a potion of curing


   Skills:
 + Level 4.1 Fighting
 + Level 4.1 Axes
 * Level 3.0 Dodging


You had 3 spell levels left.
You didn't know any spells.
Your spell library contained the following spells:

 Spells                   Type           Power      Damage    Failure   Level
 Summon Forest            Summ/Tloc      0%         N/A       100%        5
 Summon Mana Viper        Hex/Summ       0%         N/A       100%        5
 Summon Cactus Giant      Summ           0%         N/A       100%        6


Dungeon Overview and Level Annotations

Branches:
Dungeon (3/15)

Altars:

Annotations:
D:2 exclusion: downstairs


Innate Abilities, Weirdness & Mutations

Your plain brown scales are hard. (AC +5)
You cannot fit into any form of body armour.
You are cold-blooded and may be slowed by cold attacks.


Message History

The orc closely misses you. Something hits you.
You barely miss something. The orc closely misses you. Something hits you.
You closely miss something. The orc closely misses you. Something hits you.
You swap places.
Your crimson imp completely misses something.
Something hits your crimson imp but does no damage.
Your crimson imp blinks!
Something hits your crimson imp.
You swap places.
Something hits you but does no damage. The orc hits you but does no damage.
You closely miss something. Something hits you but does no damage.
The orc barely misses you.
You barely miss something.
You hear some strange, mumbled words.
A magic dart appears from out of thin air!
The magic dart hits you.
The orc hits you from afar with a +0 trident.
Your crimson imp blinks!
You hit something. Something hits you.
The orc hits you from afar with a +0 trident.
* * * LOW HITPOINT WARNING * * *
You hit something. You freeze something. Something hits you.
* * * LOW HITPOINT WARNING * * *
The orc closely misses you.
You closely miss something. Something hits you.
* * * LOW HITPOINT WARNING * * *
The orc hits you from afar with a +0 trident.
* * * LOW HITPOINT WARNING * * *
Your crimson imp blinks!
Something hits you but does no damage.
You closely miss something.
The orc hits you from afar with a +0 trident.
* * * LOW HITPOINT WARNING * * *
Something hits you.
* * * LOW HITPOINT WARNING * * *
You hear some strange, mumbled words.
A puff of flame appears from out of thin air!
The puff of flame hits you!
You die...
Xom howls with laughter!

......... #....##
#....# .P #....# .#
#....# .. #....# . #
#...## .#
##>#######.#######.#
......#.......5(@ยง.#
#.<..........###.###
#..##.#<##.#.# #{#
... #.#.##.#.# #o#
#.# #.#.##.#.# #.#
#.###.#.##.#[# #)#
........##.#.# #..
#.########.#.# ####
#.# #.#


You could see an orc and a friendly crimson imp (summoned).

Vanquished Creatures
  A scorpion (D:3)
  An adder (D:2)
  A worm (D:2)
  A dart slug (D:1)
  3 orcs
  5 ball pythons
  2 endoplasms (D:1)
  6 goblins
  2 hobgoblins
  2 bats
  2 frilled lizards
  3 kobolds (D:2)
  2 rats (D:2)
31 creatures vanquished.

Vanquished Creatures (others)
  3 plants (D:3)
  3 withered plants (D:3)
6 creatures vanquished.

Grand Total: 37 creatures vanquished

Notes
Turn   | Place    | Note
-------+----------+-------------------------------------------
     0 | D:1      | Lekart the Draconian Chaos Knight began the quest for the
                  | Orb.
     0 | D:1      | Reached XP level 1. HP: 19/19 MP: 1/1
   142 | D:1      | XOM: 1-stop teleportation journey
   149 | D:1      | Reached XP level 2. HP: 26/26 MP: 2/2
   177 | D:1      | You fall into a shaft and drop 1 floor!
   724 | D:2      | XOM: silly message
   832 | D:2      | XOM: butterfly on damage
  1037 | D:2      | Reached XP level 3. HP: 33/33 MP: 3/3
  1080 | D:2      | XOM: noise
  1547 | D:3      | XOM: stealth player
  1554 | D:3      | Noticed a scorpion
  1563 | D:3      | Killed a scorpion
  1564 | D:3      | Reached XP level 4. HP: 15/40 MP: 4/4
  1859 | D:3      | XOM: summons friendly crimson imp
  1887 | D:3      | HP: 2/40 [orc (2)]
  1888 | D:3      | Killed from afar by an orc wizard

Illustrated notes

Levels and vault maps discovered:
D:1:      dpeg_arrival_long_road, layout_rooms,
          hellmonk_ecumenical_altar_inner_sanctum
D:2:      layout_basic, st_stairs_9
D:3:      layout_loops_ring, trog_wizard, tso_altar, amcnicky_altar_gilded,
          grunt_temple_overflow_growth_and_decay, serial_shops, shop

Skill      XL: |  1  2  3 |
---------------+----------+-----
Fighting       | 4 |  4.1
Axes           | 4 |  4.1
Dodging        | 3 |  3.0

Action                   |  1- 3 |  4- 6 || total
-------------------------+-------+-------++-------
Melee: Hand axe          |    67 |    40 ||   107
       Tailslap          |     3 |     6 ||     9
       Punch             |     2 |       ||     2
  Use: Scroll            |     5 |       ||     5
 Stab: Sleeping          |     1 |       ||     1
Armor: Skin              |    16 |    12 ||    28
Dodge: Dodged            |    42 |    33 ||    75

Table legend: (Time is in decaauts)
 A = Elapsed time spent in this place.
 B = Non-inter-level travel time spent in this place.
 C = Inter-level travel time spent in this place.
 D = Time resting spent in this place.
 E = Time spent auto-exploring this place.
 F = Levels seen in this place.
 G = Mean time per level.
                   A        B        C        D        E       F      G
               +--------+--------+--------+--------+--------+-----+--------+
         Total |   1901 |   1862 |     39 |    360 |   1239 |   3 |  633.7 |
       Dungeon |   1901 |   1862 |     39 |    360 |   1239 |   3 |  633.7 |
               +--------+--------+--------+--------+--------+-----+--------+

Top non-repeatable levels by time:
     D:2: 1600 daAuts
     D:1: 179 daAuts
     D:3: 121 daAuts
